 Dungeon Crawl Stone Soup version bcrawl-1.40.3b (webtiles) character file.

Game seed: 17924726748945126397

396931 tauben the Cleaver (level 11, -3/84 HPs)
             Began as a Human Archaeologist on Mar 14, 2024.
             Was a Believer of the Shining One.
             Slain by a polar bear (16 damage)
             ... in an ice cave.
             The game lasted 00:27:19 (7895 turns).

tauben the Cleaver (Human Archaeologist)            Turns: 7895, Time: 00:27:19

Health: -3/84      AC: 15    Str: 14    XL:     11   Next: 43%
Magic:  14/14      EV:  7    Int: 15    God:    the Shining One [**....]
Gold:   592        SH:  0    Dex: 12    Spells: 10/10 levels left

rFire    x . .     GDR:     28% E - +2 war axe (freeze)
rCold    + . .     SeeInvis .   (no shield)
rNeg     + . .     Gourm    .   q - +0 chain mail
rPois    .         Faith    .   n - +2 hat
rElec    .         Spirit   .   d - +0 cloak
rCorr    .         Reflect  .   (no gloves)
MR       .....                  h - +2 pair of boots {run}
Stlth    ..........             G - amulet of regeneration
HPRegen  0.66/turn              c - ring of ice
MPRegen  0.14/turn              (no ring)

@: glowing, quick
A: no striking features
a: Divine Shield, Renounce Religion


You were in an ice cave.
You worshipped the Shining One.
The Shining One was pleased with you.
You were hungry.

You visited 2 branches of the dungeon, and saw 9 of its levels.
You also visited: Ice Cave.

You collected 592 gold pieces.

Inventory:

Hand Weapons
 b - a +0 blowgun
 l - the +2 falchion of Crystal {slice, MR- Str+4 Dex+4}
   (You found it on level 4 of the Dungeon)

   It will always inflict at least some extra damage.
   This minimum extra damage increases with your current reserve of magical
   power.
   It affects your strength (+4).
   It affects your dexterity (+4).
   It affects your resistance to hostile enchantments.
 E - a +2 war axe of freezing (weapon)
 H - a +1 shortbow of freezing
 K - a +1 scimitar of electrocution
Missiles
 f - 6 curare-tipped needles
 j - 881 stones
 k - 721 bolts
 p - 74 poisoned tomahawks
 r - 69 javelins (quivered)
 C - 81 poisoned needles
 I - 954 arrows
Armour
 d - a +0 cloak (worn)
 h - a +2 pair of boots of running (worn)
 n - a +2 hat (worn)
 q - a +0 chain mail (worn)
 u - a +2 robe
Jewellery
 c - a ring of ice (left hand)
 o - an uncursed amulet of rage {unknown}
 G - an amulet of regeneration (around neck)
Wands
 B - a wand of polymorph (6)
Scrolls
 g - 4 scrolls of revelation
 i - a scroll of identify
 v - 3 scrolls of amnesia
 y - 2 scrolls of teleportation {unknown}
 z - a scroll of fear
 A - a scroll of enchant weapon {unknown}
 D - a scroll of enchant armour
 J - a scroll of remove curse
Potions
 m - 2 potions of mutation
 s - a potion of ambrosia
 t - 2 potions of curing
 w - a potion of haste {unknown}
 x - 4 potions of might
 F - a potion of flight {unknown}
Comestibles
 a - 6 chunks of flesh
 e - 13 rations {!d}


   Skills:
 - Level 7.2 Fighting
   Level 0.1 Short Blades
 + Level 14.2 Axes
   Level 1.1(9.5) Maces & Flails
 - Level 4.0 Throwing
 - Level 4.0 Armour
 - Level 4.0 Dodging
 - Level 4.3 Stealth
 - Level 4.0 Evocations


You had 10 spell levels left.
You didn't know any spells.
Your spell library was empty.

Dungeon Overview and Level Annotations

Branches:
Dungeon (8/12)             Temple (0/1) D:5            Lair (1/6) D:8
    Orc: D:8-11

Altars:
Ashenzari
Dithmenos
Lugonu
Uskayaw
The Shining One

Shops:
D:4 [


Message History

* * * LOW HITPOINT WARNING * * *
The polar bear claws you but does no damage.
You slash the polar bear! You freeze the polar bear.
The polar bear is almost dead.
The polar bear bites you.
* * * LOW HITPOINT WARNING * * *
The polar bear barely misses you. The polar bear claws you.
* * * LOW HITPOINT WARNING * * *
The polar bear rages.
Things that are here:
a wolf corpse x2
The polar bear bites you but does no damage.
The polar bear claws you.
* * * LOW HITPOINT WARNING * * *
The polar bear claws you but does no damage.
The polar bear barely misses you. The polar bear claws you.
* * * LOW HITPOINT WARNING * * *
The polar bear claws you but does no damage.
The polar bear bites you!
You die...

##..###.## #..##
##.### #.##
#...## ##.#
##...## #.####
#.#..## #.##.##
###...#
#..#..######.#.#
#.#..≈...##.##†##
##.##.....##@#..#
##.##.##.##h#.##
#######.#.#.#
##.###..#..#.#
#....#..###...#
##......## .#.#
##..###...# ##...
##..## ##.## #.##
#...####### ##


You could see a polar bear (berserk).

Vanquished Creatures
  A two-headed ogre (D:8)
  A death knight (D:8)
  A centaur warrior (D:8)
  Joseph (D:7)
  2 rime drakes (Lair:1)
  A cane toad (Lair:1)
  A komodo dragon (D:8)
  2 polar bears
  A wyvern (D:8)
  2 yaks
  A hungry ghost (D:7)
  A crocodile (D:8)
  An acid dragon (D:8)
  A porcupine (Lair:1)
  3 sky beasts
  2 orc warriors (D:7)
  A phantom (D:8)
  A necrophage (D:4)
  2 ogres
  10 wolves (IceCv)
  3 bullfrogs
  2 centaurs
  2 scorpions (D:5)
  6 wights
  2 orc priests
  2 crimson imps
  A bullfrog zombie (D:5)
  A jelly (D:5)
  3 hounds (D:8)
  An iguana (D:6)
  Jessica (D:2)
  A bullfrog skeleton (D:8)
  Ijyb (D:5)
  4 orc wizards
  4 worker ants
  A hound zombie (D:5)
  Robin (D:2)
  11 adders
  A shadow imp (D:7)
  An ooze (D:1)
  An adder skeleton (D:4)
  2 worms
  3 dart slugs
  3 leopard geckos
  25 orcs
  5 giant cockroaches
  21 goblins
  14 hobgoblins
  8 jackals
  12 kobolds
  4 quokkas
  3 ball pythons
  9 bats
  9 frilled lizards
  5 rats
209 creatures vanquished.

Vanquished Creatures (others)
  A death yak (IceCv)
  2 fungi (D:5)
  2 plants (D:5)
5 creatures vanquished.

Grand Total: 214 creatures vanquished

Notes
Turn   | Place    | Note
-------+----------+-------------------------------------------
     0 | D:1      | tauben the Human Archaeologist began the quest for the Orb.
     0 | D:1      | Reached XP level 1. HP: 15/15 MP: 1/1
   119 | D:1      | Reached XP level 2. HP: 21/21 MP: 2/2
   406 | D:1      | Reached XP level 3. HP: 26/26 MP: 3/3
  1373 | D:2      | Noticed Jessica
  1375 | D:2      | Killed Jessica
  1376 | D:2      | Reached XP level 4. HP: 34/34 MP: 4/4
  1457 | D:2      | Found a hide-covered altar of Uskayaw.
  1782 | D:2      | Noticed Robin
  1784 | D:2      | Reached XP level 5. HP: 41/41 MP: 5/5
  1784 | D:2      | Identified a scroll of acquirement
  1818 | D:2      | Killed Robin
  1883 | D:2      | Identified the +5 hunting sling of the Unstoppable Seas
                  | {flame, rF+++ rN+ Int+3 Dex-5} (You acquired it on level 2
                  | of the Dungeon)
  1883 | D:2      | Identified a +0 pair of boots of running (You acquired it
                  | on level 2 of the Dungeon)
  2026 | D:3      | Reached skill level 1 in Evocations
  2102 | D:3      | HP: 1/42 [orc wizard/+0 dagger of electrocution (19)]
  2110 | D:3      | Reached XP level 6. HP: 15/48 MP: 7/7
  2892 | D:4      | Found Owab's Antique Armour Shoppe.
  3079 | D:4      | Noticed a sky beast
  3086 | D:4      | Killed a sky beast
  3101 | D:4      | Got a masterwork falchion
  3254 | D:4      | Found a shattered altar of Ashenzari.
  3255 | D:4      | Found a corrupted altar of Lugonu.
  3266 | D:4      | Found a glowing golden altar of the Shining One.
  3276 | D:4      | Identified the +2 falchion of Crystal {slice, MR- Str+4
                  | Dex+4} (You found it on level 4 of the Dungeon)
  3278 | D:4      | Became a worshipper of the Shining One
  3641 | D:5      | Entered Level 5 of the Dungeon
  3650 | D:5      | Reached skill level 5 in Fighting
  3650 | D:5      | Reached XP level 7. HP: 56/56 MP: 10/10
  3806 | D:5      | Got an ancient whip
  3955 | D:5      | Noticed Ijyb
  3962 | D:5      | Killed Ijyb
  3963 | D:5      | Reached skill level 1 in Armour
  3979 | D:5      | Found a staircase to the Ecumenical Temple.
  4190 | D:5      | Found a shattered altar of Ashenzari.
  4194 | D:5      | Saw a vision of the Swamp and the Shoals.
  4194 | D:5      | Noticed a merfolk siren
  4194 | D:5      | Noticed a hippogriff
  4194 | D:5      | Noticed a sea snake
  4194 | D:5      | Noticed a merfolk siren
  4194 | D:5      | Noticed an alligator
  4194 | D:5      | Noticed a water moccasin
  4194 | D:5      | Noticed a merfolk siren
  4339 | D:5      | Reached XP level 8. HP: 64/64 MP: 11/11
  4503 | D:5      | Reached skill level 1 in Throwing
  5342 | D:6      | Identified the cursed +1 whip of the Witching Fox {slash,
                  | *Slow rC+ Int+8 Dex-5} (You found it on level 5 of the
                  | Dungeon)
  5916 | D:7      | Reached * piety under the Shining One
  6041 | D:7      | Reached skill level 2 in Axes
  6041 | D:7      | Reached XP level 9. HP: 33/72 MP: 12/12
  6057 | D:7      | Reached skill level 3 in Axes
  6149 | D:7      | Reached skill level 4 in Axes
  6335 | D:7      | Found a shadowy altar of Dithmenos.
  6370 | D:7      | Noticed Joseph
  6505 | D:7      | Reached skill level 5 in Axes
  6665 | D:7      | Killed Joseph
  6666 | D:7      | Reached skill level 6 in Axes
  6755 | D:8      | Reached skill level 7 in Axes
  6802 | D:8      | Reached skill level 8 in Axes
  6923 | D:8      | Reached XP level 10. HP: 61/79 MP: 13/13
  6967 | D:8      | Reached skill level 9 in Axes
  7079 | D:8      | Noticed a komodo dragon
  7079 | D:8      | Noticed a death knight
  7095 | D:8      | Killed a komodo dragon
  7096 | D:8      | Reached skill level 10 in Axes
  7104 | D:8      | Noticed a two-headed ogre
  7113 | D:8      | Killed a two-headed ogre
  7114 | D:8      | Reached skill level 11 in Axes
  7129 | D:8      | Reached ** piety under the Shining One
  7196 | D:8      | Killed a death knight
  7197 | D:8      | Reached skill level 12 in Axes
  7216 | D:8      | Found a staircase to the Lair.
  7402 | D:8      | Noticed a centaur warrior
  7412 | D:8      | Killed a centaur warrior
  7413 | D:8      | Reached XP level 11. HP: 62/84 MP: 14/14
  7580 | Lair:1   | Entered Level 1 of the Lair of Beasts
  7599 | Lair:1   | Reached skill level 13 in Axes
  7662 | Lair:1   | Found a frozen archway.
  7709 | IceCv    | Entered an ice cave
  7797 | IceCv    | Killed a death yak
  7839 | IceCv    | Reached skill level 14 in Axes
  7895 | IceCv    | Slain by a polar bear

Skill      XL: |  1  2  3  4  5  6  7  8  9 10 11 |
---------------+----------------------------------+-----
Stealth        | 4 |  4.3
Dodging        | 4 |  4.0
Fighting       | 2 3 4 5 6 7 |  7.2
Evocations     | 2 4 |  4.0
Armour         | 3 4 |  4.0
Throwing       | 4 |  4.0
Axes           | 2 8 12 14 | 14.2
Short Blades   | |  0.1
Maces & Flails | |  1.1

Action                   |  1- 3 |  4- 6 |  7- 9 | 10-12 || total
-------------------------+-------+-------+-------+-------++-------
Melee: Whip              |     7 |       |       |       ||     7
       Dagger            |   104 |   225 |   328 |    16 ||   673
       Unarmed           |       |       |    30 |       ||    30
       War axe           |       |       |       |    99 ||    99
Throw: Tomahawk          |    16 |    21 |    60 |       ||    97
       Javelin           |       |       |    29 |    44 ||    73
Evoke: Wand              |       |       |       |     1 ||     1
  Use: Scroll            |     1 |     6 |     6 |     1 ||    14
       Potion            |       |     2 |     2 |     1 ||     5
 Stab: Sleeping          |     5 |     5 |       |       ||    10
  Eat: Chunk             |     3 |    10 |    21 |     7 ||    41
       Ration            |       |     1 |     1 |       ||     2
Armor: Robe              |    44 |    71 |   120 |    35 ||   270
       Skin              |       |       |     1 |       ||     1
       Chain mail        |       |       |       |    60 ||    60
Dodge: Dodged            |    77 |   156 |   217 |    73 ||   523
